 Dungeon Crawl Stone Soup version 0.20-a0-432-g25cc1b4 (webtiles) character file.

23 Amnesiac the Magician (level 2, 0/19 HPs)
             Began as a Mummy Enchanter on Jan 3, 2017.
             Slain by an adder (5 damage)
             ... on level 1 of the Dungeon.
             The game lasted 00:01:32 (983 turns).

Amnesiac the Magician (Mummy Enchanter)              Turns: 983, Time: 00:01:33

Health: 0/19       AC:  2    Str: 11    XL:     2   Next: 75%
Magic:  5/6        EV: 12    Int: 14    God:
Gold:   7          SH:  0    Dex: 12    Spells: 6/7 levels left

rFire  x . .     SeeInvis .     e - +4 whip
rCold  + . .     Gourm    .     b - +0 robe
rNeg   + + +     Faith    .     (no shield)
rPois  ∞         Spirit   .     (no helmet)
rElec  .         Reflect  .     (no cloak)
rCorr  .         Harm     .     (no gloves)
MR     .....                    (no boots)
Stlth  ++........               (no amulet)
                                (no ring)
                                (no ring)

@: no status effects
A: no food or potions, fire vulnerability, cold resistance 1, negative energy
resistance 3, torment resistance, unbreathing
a: no special abilities


You were on level 1 of the Dungeon.
You were not hungry.

You visited 1 branch of the dungeon, and saw 2 of its levels.

You collected 7 gold pieces.

Inventory:

Hand Weapons
 a - a +1 dagger
 e - a +4 whip (weapon)
Armour
 b - a +0 robe (worn)
Scrolls
 d - a scroll of identify {unknown}
 f - a scroll of enchant weapon {unknown}
Books
 c - a book of Maledictions

   Spells                             Type                      Level
   a - Corona                         Hexes                        1
   b - Ensorcelled Hibernation        Hexes/Ice                    2
   c - Confuse                        Hexes                        3
   d - Tukima's Dance                 Hexes                        3
   e - Dazzling Spray                 Conjuration/Hexes            3


   Skills:
 - Level 0.7 Short Blades
 - Level 1.5 Dodging
 - Level 2.4 Stealth
 + Level 3.4 Spellcasting
 * Level 3.3 Hexes


You had 6 spell levels left.
You knew the following spells:

 Your Spells              Type           Power        Failure   Level  Hunger
f - Corona                Hex            ##.....      6%          1    N/A

Dungeon Overview and Level Annotations

Branches:
Dungeon (2/15)

Altars:

Annotations:
D:2 Robin


Innate Abilities, Weirdness & Mutations

You do not eat or drink.
Your flesh is vulnerable to fire.
You are immune to poison.
Your flesh is cold resistant. (rC+)
You are immune to negative energy. (rN+++)
You are immune to unholy pain and torment.
You can survive without breathing.


Message History

The hobgoblin no longer looks unusually strong.
Robin roars a battlecry!
The hobgoblin goes into a battle-frenzy!
The adder misses you.
Robin says, "A pitiful Mummy like you will never find the ORB!"
There is a stone staircase leading up here.
The adder barely misses you. Robin throws the goblin at you!
You climb upwards.
There is a stone staircase leading down here.
Casting: Corona
Confirm with . or Enter, or press ? or * to list all spells.
Aiming: Corona
Press: ? - help, Shift-Dir - straight line, f - adder
Aim: an adder (lightly wounded, chance to defeat MR: 55%)
The adder is outlined in light.
The adder closely misses you. The adder barely misses you.
You hit the adder.
The adder is severely wounded.
The adder bites you.
You die...

######## #......# #.####.#
###[###.####.#############
#.........................
#.#.###.####.#############
#!...............#
#.#.#.##S###.#######.#
.......).@##.# #.#.#
#.#.#!.#.###.#####.#.#
#.##.#.# #.##....#.# #
#.#.# ..##....#.# #.#.#
####....#.# #.#.#
#8......# #.#.#
#<......##### ..#.#
#8...........
##.....######


You could see an adder.

Vanquished Creatures
  An adder (D:2)
  A worm (D:2)
  3 goblins (D:2)
  A hobgoblin (D:2)
  2 ball pythons (D:2)
  2 bats (D:2)
  2 kobolds
  A rat (D:2)
13 creatures vanquished.

Notes
Turn   | Place    | Note
-------+----------+-------------------------------------------
     0 | D:1      | Amnesiac the Mummy Enchanter began the quest for the Orb.
     0 | D:1      | Reached XP level 1. HP: 13/13 MP: 4/4
   684 | D:2      | Reached XP level 2. HP: 15/19 MP: 4/6
   916 | D:2      | Noticed Robin
   983 | D:1      | Slain by an adder

Vault maps used:
D:1:      mrwooster_arrival_statue
D:2:      kennysheep_big_flooded_room, first_bread, uniq_robin

Skill      XL: |  1 |
---------------+----+-----
Spellcasting   | 3 |  3.4
Hexes          | 3 |  3.3
Short Blades   | |  0.7
Dodging        | |  1.5
Stealth        | |  2.4

Action                   || total
-------------------------++-------
Melee: Dagger            ||    21
       Whip              ||    21
 Cast: Corona            ||    13
 Stab: Distracted        ||     1
Armor: Robe              ||    17
Dodge: Dodged            ||    44
